 Dungeon Sprint DCSS version 0.21.0 (webtiles) character file.

999 wojtek the Basher (level 8, -2/118 HPs)
             Began as a Minotaur Berserker on Jan 7, 2018.
             Was a Priest of Trog.
             Slain by a hellwing (7 damage)
             ... summoned by a kobold demonologist
             ... in the Dungeon (Sprint I: "Red Sonja").
             The game lasted 00:01:19 (362 turns).

wojtek the Basher (Minotaur Berserker)               Turns: 362, Time: 00:01:19

Health: -2/118     AC: -12   Str: 30      XL:     8   Next: 0%
Magic:  7/7        EV: 14    Int:  4      God:    Trog [***...]
Gold:   432        SH:  0    Dex:  7 (9)  Spells: 7/7 levels left

rFire    . . .     SeeInvis .   a - +0 mace
rCold    . . .     Gourm    .   (no shield)
rNeg     . . .     Faith    .   l - +0 ring mail
rPois    .         Spirit   .   (helmet restricted)
rElec    .         Reflect  .   (no cloak)
rCorr    .         Harm     .   (no gloves)
MR       .....     NoTele   +   (no boots)
Stlth    ..........             (no amulet)
HPRegen  0.29/turn              (no ring)
MPRegen  0.10/turn              (no ring)

@: berserking (expiring), corroded, very quick
A: retaliatory headbutt, horns 2
a: Berserk, Trog's Hand, Burn Spellbooks, Renounce Religion


You were in the Dungeon.
You worshipped Trog.
Trog was most pleased with you.
You were hungry.

You visited 1 branch You collected 432 gold pieces.

Inventory:

Hand Weapons
 a - a +0 mace (weapon)
Armour
 l - a +0 ring mail (worn)
Wands
 j - a wand of polymorph (11)
Scrolls
 i - a scroll of blinking
Potions
 d - a potion of curing
 e - a potion of heal wounds
 f - a potion of haste
 g - 2 potions of magic
 h - a potion of berserk rage
 k - a potion of flight {unknown}
Comestibles
 c - a ration
 m - 5 chunks of flesh


   Skills:
 + Level 10.1 Fighting
 * Level 13.2 Maces & Flails
 + Level 9.7 Armour
 + Level 8.9 Dodging


You had 7 spell levels left.
You didn't know any spells.

Dungeon Overview and Level Annotations

Branches:
Dungeon (1/1)

Altars:
Cheibriados
Dithmenos
Elyvilon
Fedhas
Gozag
Hepliaklqana
Kikubaaqudgha
Makhleb
Nemelex Xobeh
Okawaru
Qazlal
Ru
Sif Muna
Trog
Uskayaw
Vehumet
Wu Jian
Xom
Yredelemnul
Zin
The Shining One
Jiyva
Lugonu

Shops:
D (


Innate Abilities, Weirdness & Mutations

You reflexively headbutt those who attack you in melee.
You have a pair of horns on your head.


Message History

The hellwing completely misses you.
The kobold demonologist barely misses you.
You furiously retaliate!
You headbutt the kobold demonologist, but do no damage.
You hit the kobold demonologist.
The kobold demonologist is moderately wounded.
You barely miss the kobold demonologist.
Your headbutt misses the kobold demonologist.
The kobold demonologist is moderately wounded.
You hit the kobold demonologist but do no damage.
The kobold demonologist is moderately wounded.
The kobold demonologist closely misses you.
The hellwing misses you. x2
Unknown command.
You hit the kobold demonologist.
The kobold demonologist is moderately wounded.
The hellwing hits you!
* * * LOW HITPOINT WARNING * * *
The hellwing hits you!
You die...

#####################
.)..#..'..#__#..@K5.#
.#..').#.['..'..#4..#
###'#####'#__####...+
##..#...#)#### ####
_####..##.#
____##'#_.+
.∩...'..._#
..__##_.#'#
____###+#.#


You could see a hellwing, a kobold demonologist and a crimson imp.

Vanquished Creatures
  A kobold demonologist (D)
  A slime creature (D)
  Sigmund (D)
  A yak (D)
  A floating eye (D)
  An ogre (D)
  A jelly (D)
  Ijyb (D)
8 creatures vanquished.

Notes
Turn   | Place    | Note
-------+----------+-------------------------------------------
     0 | D        | wojtek the Minotaur Berserker began the quest for the Orb.
     0 | D        | Reached XP level 1. HP: 19/19 MP: 0/0
     1 | D        | Noticed Ijyb
     7 | D        | Killed Ijyb
     7 | D        | Reached skill level 5 in Maces & Flails
     7 | D        | Reached XP level 2. HP: 25/28 MP: 1/1
   127 | D        | Noticed an ogre
   130 | D        | Killed an ogre
   130 | D        | Reached skill level 7 in Maces & Flails
   130 | D        | Reached skill level 5 in Armour
   130 | D        | Reached XP level 3. HP: 37/37 MP: 2/2
   130 | D        | Reached XP level 4. HP: 44/44 MP: 3/3
   175 | D        | Noticed Sigmund
   184 | D        | Killed Sigmund
   184 | D        | Reached ** piety under Trog
   184 | D        | Reached skill level 10 in Maces & Flails
   184 | D        | Reached XP level 5. HP: 52/52 MP: 4/4
   200 | D        | Found a burning altar of Makhleb.
   200 | D        | Found a viscous altar of Jiyva.
   200 | D        | Found a shimmering altar of Xom.
   200 | D        | Found a corrupted altar of Lugonu.
   200 | D        | Noticed a slime creature
   205 | D        | Killed a slime creature
   205 | D        | Reached skill level 11 in Maces & Flails
   205 | D        | Reached XP level 6. HP: 62/62 MP: 5/5
   244 | D        | Found an ornate altar of the Wu Jian Council.
   244 | D        | Found a deep blue altar of Sif Muna.
   246 | D        | Found a radiant altar of Vehumet.
   278 | D        | Found Iddetuof's Antique Weapon Emporium.
   278 | D        | Found an ancient bone altar of Kikubaaqudgha.
   278 | D        | Found a hazy altar of Hepliaklqana.
   278 | D        | Found a hide-covered altar of Uskayaw.
   278 | D        | Found a basalt altar of Yredelemnul.
   278 | D        | Found an opulent altar of Gozag.
   278 | D        | Found a snail-covered altar of Cheibriados.
   278 | D        | Found a sacrificial altar of Ru.
   278 | D        | Found a shadowy altar of Dithmenos.
   278 | D        | Noticed a yak
   283 | D        | Killed a yak
   283 | D        | Reached *** piety under Trog
   283 | D        | Reached skill level 12 in Maces & Flails
   283 | D        | Reached XP level 7. HP: 70/70 MP: 6/6
   284 | D        | Found a stormy altar of Qazlal.
   284 | D        | Found a blossoming altar of Fedhas.
   284 | D        | Found a bloodstained altar of Trog.
   284 | D        | Found an iron altar of Okawaru.
   284 | D        | Found a glowing golden altar of the Shining One.
   284 | D        | Found a glowing silver altar of Zin.
   284 | D        | Found a white marble altar of Elyvilon.
   287 | D        | Found a sparkling altar of Nemelex Xobeh.
   314 | D        | Noticed a kobold demonologist
   315 | D        | Noticed a rust devil
   315 | D        | Noticed a kobold demonologist
   322 | D        | Noticed an ice devil
   327 | D        | Noticed a neqoxec
   342 | D        | Noticed a sun demon
   348 | D        | Noticed a hellwing
   353 | D        | Killed a kobold demonologist
   353 | D        | Reached skill level 10 in Fighting
   353 | D        | Reached skill level 13 in Maces & Flails
   353 | D        | Reached XP level 8. HP: 34/79 MP: 7/7
   362 | D        | HP: 5/118 [hellwing[a kobold demonologist] (12)]
   362 | D        | Slain by a hellwing

Skill      XL: |  1  2  3  4  5  6  7 |
---------------+----------------------+-----
Fighting       | 4 6 7 8 9 10 | 10.1
Maces & Flails | 5 7 10 11 12 13 | 13.2
Armour         | 3 5 7 8 9 |  9.7
Dodging        | 3 4 6 7 8 |  8.9

Action                   |  1- 3 |  4- 6 |  7- 9 || total
-------------------------+-------+-------+-------++-------
Melee: Mace              |     7 |    19 |    46 ||    72
       Headbutt          |     3 |     4 |     8 ||    15
Invok: Berserk           |     1 |     1 |     1 ||     3
Armor: Animal skin       |     2 |       |       ||     2
       Ring mail         |       |     1 |     1 ||     2
Dodge: Dodged            |     4 |    10 |    41 ||    55
